 Dungeon Crawl Stone Soup version 0.22-a0-596-gfbd32a6 (webtiles) character file.

581 Mamutox the Sneak (level 7, -2/33 HPs)
             Began as a Spriggan Enchanter on July 5, 2018.
             Killed from afar by OnekoMk1's ghost (10 damage)
             ... with a zap
             ... on level 3 of the Dungeon.
             The game lasted 00:15:56 (3872 turns).

Mamutox the Sneak (Spriggan Enchanter)              Turns: 3872, Time: 00:15:57

Health: -2/33      AC:  2    Str:  4    XL:     7   Next: 13%
Magic:  5/14       EV: 20    Int: 19    God:
Gold:   173        SH:  0    Dex: 16    Spells: 6/15 levels left

rFire    . . .     SeeInvis +   a - +1 dagger
rCold    . . .     Gourm    .   (shield restricted)
rNeg     + . .     Faith    .   b - +0 robe
rPois    .         Spirit   .   (helmet restricted)
rElec    .         Reflect  .   (no cloak)
rCorr    .         Harm     .   (gloves unavailable)
MR       +....                  (boots unavailable)
Stlth    +++.......             (no amulet)
HPRegen  0.11/turn              o - ring of positive energy
MPRegen  0.14/turn              (no ring)

@: very quick
A: very small, unfitting armour, see invisible, herbivore, speed 3, slow
metabolism 2
a: no special abilities


You were on level 3 of the Dungeon.
You were not hungry.

You visited 1 branch of the dungeon, and saw 4 of its levels.

You collected 173 gold pieces.

Inventory:

Hand Weapons
 a - a +1 dagger (weapon)
Armour
 b - a +0 robe (worn)
Jewellery
 o - a ring of positive energy (left hand)
Wands
 n - a wand of paralysis (12)
 p - a wand of iceblast (5)
Scrolls
 c - 4 scrolls of remove curse {unknown}
 e - a scroll of fear {unknown}
 h - 4 scrolls of identify {unknown}
 s - a scroll of teleportation {unknown}
Potions
 f - a potion of lignification {unknown}
 g - 2 potions of heal wounds {unknown}
 i - a potion of invisibility {unknown}
 j - 2 potions of curing {unknown}
 k - a potion of berserk rage {unknown}
 l - a potion of degeneration {unknown}
 m - 2 potions of cancellation {unknown}
 q - a potion of agility {unknown}
 r - a potion of mutation {unknown}
Comestibles
 d - 3 rations


   Skills:
 - Level 1.0 Fighting
 + Level 3.3 Short Blades
 + Level 5.1 Dodging
 + Level 6.5 Stealth
 + Level 4.6 Spellcasting
 - Level 1.0 Conjurations
 + Level 5.7 Hexes
 - Level 0.3 Ice Magic


You had 6 spell levels left.
You knew the following spells:

 Your Spells              Type           Power        Failure   Level  Hunger
a - Corona                Hex            ####...      1%          1    None
c - Confuse               Hex            ####....     3%          3    ###....
v - Dazzling Spray        Conj/Hex       ###...       10%         3    ###....
x - Ensorcelled Hibernat  Hex/Ice        ###...       5%          2    #......

Your spell library contained the following spells:

 Spells                   Type           Power        Failure   Level  Hunger
 Tukima's Dance           Hex            ####....     3%          3    ###....


Dungeon Overview and Level Annotations

Branches:
Dungeon (4/15)
 Temple: D:4-7

Altars:

Shops:
D:4 %

Annotations:
D:3 OnekoMk1's ghost, amateur TeAE


Innate Abilities, Weirdness & Mutations

You are very small and have problems with some larger weapons.
You are too small for most types of armour.
You have supernaturally acute eyesight. (SInv)
You are a herbivore.
You cover ground extremely quickly.
You need to consume almost no food.


Message History

The air twists around and strikes you!
Casting: Confuse (safe; 3% risk of failure)
Confirm with . or Enter, or press ? or * to list all spells.
Aiming: Confuse (safe; 3% risk of failure)
Press: ? - help, Shift-Dir - straight line, f/p - OnekoMk1's ghost
Aim: OnekoMk1's ghost (chance to defeat MR: 44%) OnekoMk1's ghost resists with some effort.
OnekoMk1's ghost waves its arms in wide circles.
The air twists around and strikes you!
Casting: Confuse (safe; 3% risk of failure)
Confirm with . or Enter, or press ? or * to list all spells.
Aiming: Confuse (safe; 3% risk of failure)
Press: ? - help, Shift-Dir - straight line, f/p - OnekoMk1's ghost
Aim: OnekoMk1's ghost (chance to defeat MR: 44%) OnekoMk1's ghost resists with some effort.
OnekoMk1's ghost gestures at you while chanting.
The zap hits you!
* * * LOW HITPOINT WARNING * * *
The zap hits you!
You die...

...............##### #.# #...
.)....##...........###.#######...
).....##.......###.....##..>.....
...............# ##..............
...<........######..###....###...
......##...........##⌠##...##...#
#####..#####..#...##...##.......#
######.## ##.##.##..%..##......#
.....#..### #.##@'.W.♣..⌠#......#
.b...##...# #..#.##..!..##.##...#
.....####.####....##...##..##...#
.............####..##⌠##..###...#
........#.##...##...###..## #..##
.....##...####....#.....## #..##
#########.# ####........# #...#
#.## ##.....#.# #.#.#
#..#######.......####.#..


You could see OnekoMk1's ghost.

Vanquished Creatures
  Sigmund (D:2)
  An orc warrior (D:3)
  A hound (D:2)
  A bullfrog skeleton (D:2)
  A worker ant (D:4)
  An orc wizard (D:3)
  8 gnolls
  5 adders
  A shadow imp (D:2)
  3 worms (D:2)
  2 dart slugs (D:1)
  6 orcs (D:3)
  5 giant cockroaches
  4 goblins
  8 hobgoblins
  2 jackals (D:2)
  2 quokkas
  A ball python (D:1)
  5 bats
  7 frilled lizards
  10 kobolds
  14 rats
89 creatures vanquished.

Notes
Turn   | Place    | Note
-------+----------+-------------------------------------------
     0 | D:1      | Mamutox the Spriggan Enchanter began the quest for the Orb.
     0 | D:1      | Reached XP level 1. HP: 9/9 MP: 5/5
   372 | D:1      | Reached XP level 2. HP: 9/13 MP: 6/6
   381 | D:1      | Learned a level 2 spell: Ensorcelled Hibernation
   639 | D:1      | Reached XP level 3. HP: 13/16 MP: 5/8
   769 | D:1      | Learned a level 3 spell: Confuse
  1515 | D:2      | Reached skill level 5 in Stealth
  1515 | D:2      | Reached XP level 4. HP: 21/21 MP: 6/10
  1862 | D:2      | Noticed Sigmund
  1886 | D:2      | Killed Sigmund
  1886 | D:2      | Reached skill level 5 in Hexes
  1886 | D:2      | Reached XP level 5. HP: 22/24 MP: 3/12
  2359 | D:2      | Reached skill level 6 in Stealth
  2370 | D:2      | Reached XP level 6. HP: 25/28 MP: 7/13
  2407 | D:2      | Learned a level 3 spell: Dazzling Spray
  2938 | D:4      | Found Naetyth's Food Boutique.
  3129 | D:3      | Reached skill level 1 in Fighting
  3152 | D:3      | Found a runed door.
  3152 | D:3      | Noticed OnekoMk1's ghost (amateur TeAE)
  3357 | D:3      | Noticed an orc warrior
  3767 | D:3      | Killed an orc warrior
  3767 | D:3      | Reached skill level 5 in Dodging
  3767 | D:3      | Reached skill level 1 in Conjurations
  3767 | D:3      | Reached XP level 7. HP: 33/33 MP: 14/14
  3872 | D:3      | Killed from afar by OnekoMk1's ghost

Vault maps used:
D:1:      lightli_arrival_maybe_door_vault, minmay_misc_feat_rows
D:2:      minivault_27, moated_statue, minmay_divided_ellipse, uniq_sigmund
D:3:      hellmonk_ghost_happy_afterlife, dk_noncrumbling_4
D:4:      temple_green, serial_shops, shop, kennysheep_mini,
          minmay_misc_feat_room

Skill      XL: |  1  2  3  4  5  6 |
---------------+-------------------+-----
Hexes          | 4 5 |  5.7
Spellcasting   | 3 4 |  4.6
Stealth        | 5 6 |  6.5
Short Blades   | 2 3 |  3.3
Dodging        | 4 5 |  5.1
Fighting       | 1 |  1.0
Conjurations   | 1 |  1.0
Ice Magic      | |  0.3

Action                   |  1- 3 |  4- 6 |  7- 9 || total
-------------------------+-------+-------+-------++-------
Melee: Dagger            |    72 |   170 |       ||   242
 Cast: Ensorcelled Hiber |    14 |    50 |       ||    64
       Confuse           |     3 |     3 |     3 ||     9
       Dazzling Spray    |       |    10 |       ||    10
 Stab: Sleeping          |    19 |    33 |       ||    52
       Confused          |     2 |     2 |       ||     4
       Distracted        |       |     1 |       ||     1
       Invisible         |       |     1 |       ||     1
  Eat: Ration            |       |     2 |       ||     2
Armor: Robe              |     3 |    19 |       ||    22
Dodge: Dodged            |    33 |   144 |       ||   177

Table legend:
 A = Spawn XP
 B = Non-spawn XP
 C = Spawn XP percentage of total XP
 D = Spawn monster count
 E = Non-spawn monster count
 F = Spawn count percentage of total count
 G = Total turns spent on level
                    A         B        C        D         E        F      G
               +---------+---------+-------+---------+---------+-------+---------
         Total |       0 |     830 |   0.0 |       0 |      89 |   0.0 |  3872
               +---------+---------+-------+---------+---------+-------+---------
           D:1 |       0 |      53 |   0.0 |       0 |      27 |   0.0 |  1412
           D:2 |       0 |     396 |   0.0 |       0 |      30 |   0.0 |  1321
           D:3 |       0 |     343 |   0.0 |       0 |      29 |   0.0 |   960
           D:4 |       0 |      38 |   0.0 |       0 |       3 |   0.0 |   179
               +---------+---------+-------+---------+---------+-------+---------
